 Dungeon Crawl Stone Soup version 0.24.0-28-g17ded55e90 (webtiles) character file.

Game seed: 6518655521445100000, levelgen mode: deterministic

179 Delamore the Chopper (level 5, -22/45 HPs)
             Began as a Hill Orc Fighter on Nov 11, 2019.
             Blown up by Ijyb (25 damage)
             ... with a disintegration bolt
             ... on level 3 of the Dungeon.
             The game lasted 00:03:29 (2458 turns).

Delamore the Chopper (Hill Orc Fighter)             Turns: 2458, Time: 00:03:30

Health: -22/45     AC: 12    Str: 25    XL:     5   Next: 59%
Magic:  5/5        EV:  4    Int:  8    God:
Gold:   143        SH: 10    Dex: 13    Spells: 4/4 levels left

rFire    . . .     SeeInvis .   a - +0 war axe
rCold    . . .     Gourm    .   c - +0 shield
rNeg     . . .     Faith    .   i - +0 plate armour
rPois    .         Spirit   .   (no helmet)
rElec    .         Reflect  .   (no cloak)
rCorr    .         Harm     .   (no gloves)
MR       .....                  p - +0 pair of boots
Stlth    ..........             (no amulet)
HPRegen  0.15/turn              q - +3 ring of dexterity
MPRegen  0.09/turn              u - ring of attention (curse)

@: mighty
A: no striking features
a: no special abilities


You were on level 3 of the Dungeon.
You were not hungry.

You visited 1 branch of the dungeon, and saw 3 of its levels.

You collected 143 gold pieces.

Inventory:

Hand Weapons
 a - a +0 war axe (weapon)
Missiles
 k - 4 silver boomerangs (quivered)
 v - 4 atropa-tipped darts
Armour
 c - a +0 shield (worn)
 i - a +0 plate armour (worn)
 p - a +0 pair of boots (worn)
Jewellery
 q - a +3 ring of dexterity (left hand)
 u - a cursed ring of attention (right hand)
 y - a +5 ring of strength {unknown}
Scrolls
 e - 2 scrolls of blinking {unknown}
 g - 3 scrolls of immolation {unknown}
 h - a scroll of enchant armour {unknown}
 j - 2 scrolls of noise {unknown}
 l - 6 scrolls of identify {unknown}
 m - 3 scrolls of remove curse {unknown}
 o - a scroll of random uselessness {unknown}
 w - a scroll of fear {unknown}
Potions
 b - 2 potions of curing {unknown}
 n - a potion of degeneration {unknown}
 r - a potion of resistance {unknown}
 s - a potion of flight {unknown}
 t - a potion of ambrosia {unknown}
Comestibles
 f - 3 rations
 x - a chunk of flesh


   Skills:
 - Level 3.6 Fighting
 + Level 7.5 Axes
 - Level 3.2 Armour
 - Level 3.2 Shields


You had 4 spell levels left.
You didn't know any spells.
Your spell library was empty.

Dungeon Overview and Level Annotations

Branches:
Dungeon (3/15)

Altars:
Ashenzari
Okawaru

Annotations:
D:3 Ijyb


Message History

Ijyb hits you with a +0 club.
* * * LOW HITPOINT WARNING * * *
You block the goblin's attack. Ijyb hits you but does no damage.
The goblin hits you but does no damage.
You slash Ijyb!
Ijyb is heavily wounded.
You completely miss the goblin. Ijyb hits you but does no damage.
The goblin hits you but does no damage. Ijyb hits you but does no damage.
Your plate armour prevents you from hitting Ijyb.
Ijyb is heavily wounded.
You hit the goblin.
You kill the goblin!
Ijyb zaps a wand.
You are blasted!
* * * LOW HITPOINT WARNING * * *
Unknown command.
Your plate armour prevents you from hitting Ijyb.
Ijyb is heavily wounded.
Ijyb hits you but does no damage.
Ijyb zaps a wand.
You are blasted!
Ouch! That really hurt!
You die...

######### #...'...
#...'. #.)g#
#.)@##########
#............#
#........)...#
##(##.....##'##..≈≈
#.(.#.)...#...#..≈≈
#...#.....#...#..≈≈
#.).#.....#...#..≈≈#
##'##.....##'##..≈≈#
...#.....#......≈≈#


You could see Ijyb.

Vanquished Creatures
  An orc priest (D:3)
  4 adders
  An ooze (D:2)
  4 worms
  A dart slug (D:1)
  3 leopard geckos
  5 orcs (D:3)
  A ball python (D:3)
  4 giant cockroaches
  19 goblins
  6 hobgoblins
  6 jackals
  10 kobolds
  2 quokkas (D:3)
  7 bats
  5 frilled lizards
  6 rats
85 creatures vanquished.

Vanquished Creatures (others)
  A goblin (D:3)
1 creature vanquished.

Grand Total: 86 creatures vanquished

Notes
Turn   | Place    | Note
-------+----------+-------------------------------------------
     0 | D:1      | Delamore the Hill Orc Fighter began the quest for the Orb.
     0 | D:1      | Reached XP level 1. HP: 19/19 MP: 1/1
    97 | D:1      | Reached skill level 3 in Axes
   146 | D:1      | Found a shattered altar of Ashenzari.
   189 | D:1      | Reached XP level 2. HP: 24/26 MP: 2/2
   315 | D:1      | Reached skill level 4 in Axes
   502 | D:1      | Reached XP level 3. HP: 29/31 MP: 3/3
   820 | D:2      | Reached skill level 5 in Axes
   965 | D:2      | Found an iron altar of Okawaru.
  1231 | D:2      | Reached XP level 4. HP: 22/39 MP: 4/4
  1701 | D:3      | Reached skill level 6 in Axes
  1705 | D:3      | Reached XP level 5. HP: 28/45 MP: 5/5
  1877 | D:3      | Reached skill level 7 in Axes
  2448 | D:3      | Noticed Ijyb
  2458 | D:3      | Blown up by Ijyb

Levels and vault maps discovered:
D:1:      psy_arrival_terrarium, layout_loops_corners, ashenzari_altar_1
D:2:      layout_loops_ring, okawaru_metal_pillars_1_2
D:3:      kennysheep_goblin_castle, layout_rooms

Skill      XL: |  1  2  3  4  5 |
---------------+----------------+-----
Axes           | 3 4 5 6 7 |  7.5
Fighting       | |  3.6
Armour         | |  3.2
Shields        | |  3.2

Action                   |  1- 3 |  4- 6 || total
-------------------------+-------+-------++-------
Melee: War axe           |   131 |   112 ||   243
  Use: Potion            |       |     1 ||     1
  Eat: Chunk             |     1 |     4 ||     5
Armor: Scale mail        |    14 |       ||    14
       Plate armour      |    60 |    92 ||   152
Dodge: Dodged            |    32 |    32 ||    64
Block: Shield            |    61 |    71 ||   132
